 Dungeon Crawl Stone Soup version 0.28-a0-1142-gc8569940dd (webtiles) character file.

Game seed: 16796044113583749261

1446 ChaosChampion the Fanfare of Bloodshed (level 8, -6/63 HPs)
             Began as a Demonspawn Monk on Dec 13, 2021.
             Was a Believer of Makhleb.
             Mangled by a scorpion (7 damage)
             ... on level 5 of the Dungeon.
             The game lasted 00:12:09 (6067 turns).

ChaosChampion the Fanfare of Bloodshed (DsMo)       Turns: 6067, Time: 00:12:10

Health: -6/63      AC:  4    Str: 13    XL:     8   Next: 46%
Magic:  14/14      EV: 13    Int: 12    God:    Makhleb [**....]
Gold:   237        SH:  0    Dex: 16    Spells: 7/7 levels left

rFire   . . .      SeeInvis .   a - +0 spear
rCold   . . .      Faith    .   (no shield)
rNeg    . . .      Spirit   .   b - +0 robe
rPois   .          Reflect  .   (helmet restricted)
rElec   .          Harm     .   p - +0 cloak
rCorr   .          Rampage  .   n - +0 pair of gloves
Will    .....                   (no boots)
Stlth   ++........              (no amulet)
HPRegen 0.20/turn               (no ring)
MPRegen 0.14/turn               (no ring)

@: brilliant, lethally poisoned (-6 -> -11)
A: horns 2, weakness stinger 1
a: Renounce Religion, Minor Destruction


You were on level 5 of the Dungeon.
You worshipped Makhleb.
Makhleb was pleased with you.
You visited 1 branch of the dungeon, and saw 5 of its levels.

You collected 237 gold pieces.

Inventory:

Hand Weapons
 a - a +0 spear (weapon)
 s - a +1 hand axe of venom
Missiles
 c - 13 poisoned darts (quivered)
Armour
 b - a +0 robe (worn)
 n - a +0 pair of gloves (worn)
 p - a +0 cloak (worn)
Wands
 q - a wand of flame (18)
Scrolls
 d - 3 scrolls of identify {unknown}
 f - a scroll of acquirement {unknown}
 j - a scroll of enchant weapon {unknown}
 m - a scroll of enchant armour {unknown}
 r - a scroll of immolation {unknown}
 t - a scroll of blinking {unknown}
 u - a scroll of amnesia {unknown}
Potions
 e - 2 potions of haste {unknown}
 g - 2 potions of brilliance
 h - 2 potions of heal wounds {unknown}
 i - 2 potions of attraction {unknown}
 k - 2 potions of curing {unknown}
 l - 4 potions of mutation {unknown}
 o - a potion of magic {unknown}


   Skills:
 + Level 5.5 Fighting
 + Level 5.1 Polearms
 + Level 4.0 Armour
 - Level 2.6 Dodging
 - Level 1.7 Stealth
 * Level 8.5 Invocations


You had 7 spell levels left.
You didn't know any spells.
Your spell library contained the following spells:

 Spells                   Type           Power      Damage    Failure   Level
 Corpse Rot               Necr/Air       0%         N/A       45%         2
 Poisonous Vapours        Pois/Air       0%         N/A       45%         2
 Iskenderun's Battlesphe  Conj           0%         2d6       100%        5
 Iron Shot                Conj/Erth      0%         9d1       100%        6
 Spellforged Servitor     Conj/Summ      0%         N/A       100%        7


Dungeon Overview and Level Annotations

Branches:
Dungeon (5/15)             Temple (0/1) D:5

Altars:
Elyvilon
Makhleb
Vehumet

Shops:
D:4 *


Innate Abilities, Weirdness & Mutations

You have a pair of horns on your head.
You have a small tail.


Message History

Press: ? - help, Shift-Dir - straight line, f/p - scorpion
Aim: a scorpion (lightly wounded)
The puff of flame hits the scorpion.
The scorpion is moderately wounded.
The scorpion misses you.
Aiming: Minor Destruction (0% risk of failure)
Press: ? - help, Shift-Dir - straight line, f/p - scorpion
Aim: a scorpion (moderately wounded)
The stone arrow misses the scorpion.
The scorpion stings you. x2
Aiming: Minor Destruction (0% risk of failure)
Press: ? - help, Shift-Dir - straight line, f/p - scorpion
Aim: a scorpion (moderately wounded)
The zap hits the scorpion.
The scorpion is heavily wounded.
The scorpion stings you.
* * * LOW HITPOINT WARNING * * *
You are poisoned.
The scorpion poisons you!
It was a potion of brilliance.
You feel clever all of a sudden.
You feel very sick. The scorpion closely misses you.
You are too injured to fight recklessly!
Aiming: Minor Destruction (0% risk of failure)
Press: ? - help, Shift-Dir - straight line, f/p - scorpion
Aim: a scorpion (heavily wounded)
The glob of acid misses the scorpion.
You feel very sick. The scorpion stings you.
* * * LOW HITPOINT WARNING * * *
You hit the scorpion. You headbutt the scorpion.
Your tail-slap misses the scorpion.
The scorpion is almost dead.
You feel sick. The scorpion stings you!
* * * LOW HITPOINT WARNING * * *
You hit the scorpion but do no damage.
The scorpion is almost dead.
* * * LOW HITPOINT WARNING * * *
You feel sick. The scorpion stings you!
You die...

.....#.##..##########..###..###.#
8.8....##.............##....# #..
.⌠..##.##.############.#.#..###.#
>.8.##.#...## ##...#...>..
.⌠..##..###.# ##.####.###
8.8.##..# .# #.# #.#
....##..###.# ##.## #.#
######.....############.#.###.#
#..............s@.)....###....#
..####..####..#########.#...#.###
#.# #..# #..# #....[........ ##.#
#..........################# ##
##.####..###.[.............. #..
...# #..#...#...#...#. ######.##
#_............... #.#
#..#...#...#...#.
#................


You could see a scorpion.

Vanquished Creatures
  Grinder (D:4)
  A black bear (D:4)
  A necrophage (D:5)
  A sky beast (D:5)
  2 ogres (D:5)
  A centaur (D:5)
  A scorpion (D:5)
  A water moccasin zombie (D:5)
  A jelly (D:5)
  An orc wizard (D:4)
  A scorpion zombie (D:5)
  A hound skeleton (D:5)
  5 adders
  A white imp (D:5)
  A worm (D:2)
  A dart slug (D:1)
  4 orcs (D:4)
  6 endoplasms
  2 giant cockroaches
  3 hobgoblins
  5 quokkas
  5 ball pythons
  4 bats
  8 frilled lizards
  6 goblins
  6 kobolds
  7 rats
77 creatures vanquished.

Vanquished Creatures (collateral kills)
  Duvessa (D:4)
  An ogre (D:4)
  A phantom (D:4)
  A scorpion (D:4)
  Dowan (D:4)
  A centaur skeleton (D:4)
  Crazy Yiuf (D:4)
  An adder (D:3)
  An endoplasm (D:4)
  A goblin (D:4)
10 creatures vanquished.

Vanquished Creatures (others)
  A plant (D:3)
1 creature vanquished.

Grand Total: 88 creatures vanquished

Notes
Turn   | Place    | Note
-------+----------+-------------------------------------------
     0 | D:1      | ChaosChampion the Demonspawn Monk began the quest for the
                  | Orb.
     0 | D:1      | Reached XP level 1. HP: 18/18 MP: 1/1
    67 | D:1      | Found a faded altar of an unknown god.
    72 | D:1      | Prayed at the altar of an unknown god.
    72 | D:1      | Became a worshipper of Makhleb the Destroyer
    72 | D:1      | Reached * piety under Makhleb
    72 | D:1      | Reached ** piety under Makhleb
   166 | D:1      | Reached skill level 1 in Invocations
   172 | D:1      | Discovered your monstrous ancestry.
   172 | D:1      | Gained mutation: You have a pair of small horns on your
                  | head. [demonic ancestry]
   172 | D:1      | Reached XP level 2. HP: 24/24 MP: 2/2
   347 | D:1      | Reached *** piety under Makhleb
   815 | D:1      | Reached XP level 3. HP: 26/29 MP: 4/4
  1052 | D:2      | Reached skill level 2 in Invocations
  1310 | D:2      | Reached skill level 1 in Armour
  2228 | D:3      | Reached XP level 4. HP: 24/35 MP: 6/6
  2245 | D:3      | Reached skill level 3 in Invocations
  3067 | D:4      | Noticed a scorpion
  3071 | D:4      | Killed a scorpion
  3072 | D:4      | Gained mutation: You have a pair of horns on your head.
                  | [demonic ancestry]
  3072 | D:4      | Reached XP level 5. HP: 30/42 MP: 7/7
  3167 | D:4      | Noticed Grinder
  3174 | D:4      | Killed Grinder
  3175 | D:4      | Reached skill level 5 in Invocations
  3175 | D:4      | Gained mutation: You have a small tail. [demonic ancestry]
  3175 | D:4      | Reached XP level 6. HP: 44/48 MP: 7/9
  3216 | D:4      | Found a radiant altar of Vehumet.
  3220 | D:4      | Noticed Dowan
  3226 | D:4      | Noticed Duvessa
  3231 | D:4      | Killed Dowan
  3243 | D:4      | Killed Duvessa
  3427 | D:4      | Found Seroanih's General Store.
  3501 | D:4      | Reached skill level 6 in Invocations
  3501 | D:4      | Reached XP level 7. HP: 50/55 MP: 11/11
  4224 | D:4      | Found a runed translucent door.
  4225 | D:4      | Noticed Crazy Yiuf
  4331 | D:4      | Killed Crazy Yiuf
  4418 | D:5      | Entered Level 5 of the Dungeon
  4451 | D:5      | Reached skill level 7 in Invocations
  4589 | D:5      | Reached skill level 5 in Fighting
  4779 | D:5      | Reached XP level 8. HP: 61/62 MP: 13/13
  5171 | D:5      | Reached skill level 8 in Invocations
  5505 | D:5      | Reached skill level 5 in Polearms
  6026 | D:5      | Found a staircase to the Ecumenical Temple.
  6066 | D:5      | HP: 2/63 [scorpion (7)]
  6067 | D:5      | Mangled by a scorpion

Illustrated notes

Levels and vault maps discovered:
D:1:      kennysheep_arrival_forest, layout_basic,
          ebering_ecumenical_altar_hall, lemuel_flame_loot_1
D:2:      layout_loops_ring
D:3:      layout_rooms, minmay_fountain_box, kennysheep_doodads,
          saegor_snake_ambush
D:4:      layout_loops_ring, amcnicky_altar_gilded, serial_shops, shop,
          uniq_grinder, uniq_duvessa, uniq_crazy_yiuf_cottage
D:5:      layout_loops_ring, lemuel_coloured_pillars_altar,
          minmay_temple_entry_statues_fountains

Skill      XL: |  1  2  3  4  5  6  7  8 |
---------------+-------------------------+-----
Invocations    | 1 2 3 5 6 7 8 |  8.5
Polearms       | 3 4 5 |  5.1
Armour         | 1 2 3 4 |  4.0
Fighting       | 4 5 |  5.5
Dodging        | |  2.6
Stealth        | |  1.7

Action                   |  1- 3 |  4- 6 |  7- 9 || total
-------------------------+-------+-------+-------++-------
Melee: Spear             |   123 |    12 |   135 ||   270
       Headbutt          |    12 |     2 |    34 ||    48
       Tailslap          |       |       |    23 ||    23
Invok: Minor Destruction |    13 |    27 |    39 ||    79
       Lesser Servant of |       |     6 |     4 ||    10
  Use: Potion            |       |       |     1 ||     1
 Stab: Sleeping          |     6 |       |     2 ||     8
       Distracted        |     1 |       |     1 ||     2
Armor: Robe              |     9 |     2 |    15 ||    26
Dodge: Dodged            |    67 |    13 |    60 ||   140

Table legend: (Time is in decaauts)
 A = Elapsed time spent in this place.
 B = Non-inter-level travel time spent in this place.
 C = Inter-level travel time spent in this place.
 D = Time resting spent in this place.
 E = Time spent auto-exploring this place.
 F = Levels seen in this place.
 G = Mean time per level.
                   A        B        C        D        E       F      G
               +--------+--------+--------+--------+--------+-----+--------+
         Total |   6067 |   5976 |     91 |   1075 |   3888 |   5 | 1213.4 |
       Dungeon |   6067 |   5976 |     91 |   1075 |   3888 |   5 | 1213.4 |
               +--------+--------+--------+--------+--------+-----+--------+

Top non-repeatable levels by time:
     D:4: 1762 daAuts
     D:3: 1248 daAuts
     D:5: 1235 daAuts
     D:1: 982 daAuts
     D:2: 839 daAuts
